SAL
HICKORY CRAWDADS @ GREENVILLE DRIVE
04/10/2099
 
TOP OF THE 1ST
Hickory Crawdads batting - Pitching for Greenville Drive : RHP Danny Kendall
Pitching: RHP Danny Kendall
Batting: RHB John Parker 0-0: Ball
1-0: Ball
2-0: Called Strike
2-1: Ball
3-1: Foul Ball, location: 5F
3-2: Base on Balls
Batting: RHB Frank Goodwin 0-0: Foul Ball, location: 2F
0-1: Fly out, F9 (Flyball, 9D, EV 92.5 MPH)
Batting: RHB Alex Colgan 0-0: Ball
1-0: Ground out 5-3 (Groundball, 56S, EV 66.9 MPH)
John Parker to second
Batting: LHB Brad Allen 0-0: Called Strike
0-1: Ball
1-1: Foul Ball, location: 2F
1-2: Strikes out swinging
Top of the 1st over - 0 runs, 0 hits, 0 errors, 1 left on base; Hickory 0 - Greenville 0
BOTTOM OF THE 1ST
Greenville Drive batting - Pitching for Hickory Crawdads : RHP Pat McGeever
Pitching: RHP Pat McGeever
Batting: RHB Antonio Torres 0-0: Foul Ball, location: 2F
0-1: Ball
1-1: Foul Ball, location: 2F
1-2: Foul Ball, location: 9LMF
1-2: Ball
2-2: Foul Ball, location: 9LMF
2-2: Strikes out swinging
Batting: RHB Frank Kravitz 0-0: Ball
1-0: Ground out 1-3 (Groundball, 15S, EV 65.0 MPH)
Batting: LHB James Borst 0-0: Ground out U3 (Groundball, 23, EV 86.9 MPH)
Bottom of the 1st over - 0 runs, 0 hits, 0 errors, 0 left on base; Hickory 0 - Greenville 0
TOP OF THE 2ND
Hickory Crawdads batting - Pitching for Greenville Drive : RHP Danny Kendall
Batting: SHB Rodrigo Ruiz 0-0: Foul Ball, location: 7LMF
0-1: Ball
1-1: Foul Ball, location: 2F
1-2: Ball
2-2: DOUBLE (Flyball, 8RXD, EV 108.8 MPH)
Batting: RHB Justin Beck 0-0: Called Strike
0-1: Called Strike
0-2: Ball
1-2: Strikes out swinging
Batting: LHB Brian Edwards 0-0: Ground out 4-3 (Groundball, 4, EV 100.6 MPH)
Rodrigo Ruiz to third
Batting: RHB Greg Milne 0-0: Ball
1-0: Ball
2-0: Called Strike
2-1: Ball
3-1: Base on Balls
Batting: LHB Branden Clark 0-0: Ball
1-0: SINGLE (Line Drive, 7S, EV 98.8 MPH)
Rodrigo Ruiz scores
Greg Milne to second
Batting: RHB John Parker 0-0: Foul Ball, location: 2F
0-1: Foul Ball, location: 2F
0-2: Ball
1-2: Foul Ball, location: 2F
1-2: Ball
2-2: Ball
3-2: Foul Ball, location: 2RF
3-2: Ground out U3 (Groundball, 34S, EV 82.5 MPH)
Top of the 2nd over - 1 run, 2 hits, 0 errors, 2 left on base; Hickory 1 - Greenville 0
BOTTOM OF THE 2ND
Greenville Drive batting - Pitching for Hickory Crawdads : RHP Pat McGeever
Batting: RHB Rich Bledsoe 0-0: SINGLE (Line Drive, 89S, EV 97.5 MPH)
Batting: RHB Josh Storlie 0-0: Called Strike
Rich Bledsoe steals 2nd base
0-1: Ball
1-1: Swinging Strike
1-2: SINGLE (Groundball, 56, EV 108.1 MPH)
Rich Bledsoe to third
Runner from 3rd tries for Home, SAFE, throw by LF to home
Batting: RHB Chris Barley 0-0: Called Strike
0-1: Foul Ball, location: 9LDF
0-2: Ball
1-2: Foul Ball, location: 2F
1-2: Foul Ball, location: 9LDF
1-2: Grounds into double play, 5-4-3 (Groundball, 56, EV 90.0 MPH)
Batting: LHB Justin Bartholomew 0-0: Ground out 6-3 (Groundball, 6, EV 104.4 MPH)
Bottom of the 2nd over - 1 run, 2 hits, 0 errors, 0 left on base; Hickory 1 - Greenville 1
TOP OF THE 3RD
Hickory Crawdads batting - Pitching for Greenville Drive : RHP Danny Kendall
Batting: RHB Frank Goodwin 0-0: Called Strike
0-1: Ground out 6-3 (Groundball, 6, EV 89.4 MPH)
Batting: RHB Alex Colgan 0-0: Ball
1-0: SOLO HOME RUN (Flyball, 78XD, EV 98.1 MPH), Distance : 402 ft
Batting: LHB Brad Allen 0-0: Ball
1-0: Foul Ball, location: 2F
1-1: Ball
2-1: Ground out 4-3 (Groundball, 4, EV 79.4 MPH)
Batting: SHB Rodrigo Ruiz 0-0: Ball
1-0: Called Strike
1-1: DOUBLE (Line Drive, 89M, EV 98.1 MPH)
Batting: RHB Justin Beck 0-0: Fly out, F3 (Popup, 34S, EV 75.0 MPH)
Top of the 3rd over - 1 run, 2 hits, 0 errors, 1 left on base; Hickory 2 - Greenville 1
BOTTOM OF THE 3RD
Greenville Drive batting - Pitching for Hickory Crawdads : RHP Pat McGeever
Batting: LHB Chris Ward 0-0: Swinging Strike
0-1: Swinging Strike
0-2: Ball
1-2: Strikes out looking
Batting: RHB Justin Iraci 0-0: Ball
1-0: Swinging Strike
1-1: Ball
2-1: Ball
3-1: Swinging Strike
3-2: Strikes out swinging
Batting: RHB Antonio Torres 0-0: Called Strike
0-1: Ground out 6-3 (Groundball, 56, EV 100.6 MPH)
Bottom of the 3rd over - 0 runs, 0 hits, 0 errors, 0 left on base; Hickory 2 - Greenville 1
TOP OF THE 4TH
Hickory Crawdads batting - Pitching for Greenville Drive : RHP Danny Kendall
Batting: LHB Brian Edwards 0-0: Ball
1-0: Ball
2-0: Foul Ball, location: 25F
2-1: Ground out U3 (Groundball, 34, EV 90.6 MPH)
Batting: RHB Greg Milne 0-0: SINGLE (Line Drive, 9S, EV 104.4 MPH)
Batting: LHB Branden Clark 0-0: Ball
1-0: Ball
2-0: Foul Ball, location: 3F
2-1: Foul Ball, location: 9LSF
2-2: Fly out, F5 (Popup, 25F, EV 74.4 MPH)
Batting: RHB John Parker 0-0: Ball
Greg Milne steals 2nd base
1-0: Called Strike
1-1: Ball
2-1: Swinging Strike
2-2: Fly out, F3 (Popup, 3DF, EV 64.4 MPH)
Top of the 4th over - 0 runs, 1 hit, 0 errors, 1 left on base; Hickory 2 - Greenville 1
BOTTOM OF THE 4TH
Greenville Drive batting - Pitching for Hickory Crawdads : RHP Pat McGeever
Batting: RHB Frank Kravitz 0-0: Called Strike
0-1: Foul Ball, location: 2F
0-2: Ball
1-2: Strikes out swinging
Batting: LHB James Borst 0-0: Ball
1-0: Ball
2-0: Foul Ball, location: 2F
2-1: SINGLE (Groundball, 6MD, EV 103.1 MPH)
Batting: RHB Rich Bledsoe 0-0: Ball
1-0: Fielders Choice at 2nd, 6-4 (Groundball, 56, EV 79.4 MPH)
Batting: RHB Josh Storlie 0-0: Called Strike
0-1: Ball
1-1: Foul Ball, location: 5F
1-2: Strikes out swinging
Bottom of the 4th over - 0 runs, 1 hit, 0 errors, 1 left on base; Hickory 2 - Greenville 1
TOP OF THE 5TH
Hickory Crawdads batting - Pitching for Greenville Drive : RHP Danny Kendall
Batting: RHB Frank Goodwin 0-0: Ball
1-0: Ball
2-0: Called Strike
2-1: Ball
3-1: Swinging Strike
3-2: Strikes out swinging
Batting: RHB Alex Colgan 0-0: Ball
1-0: Swinging Strike
1-1: Fly out, F8 (Flyball, 8LXD, EV 96.9 MPH)
Batting: LHB Brad Allen 0-0: Called Strike
0-1: Swinging Strike
0-2: Strikes out looking and he ARGUES THE CALL AND IS TOSSED!
Top of the 5th over - 0 runs, 0 hits, 0 errors, 0 left on base; Hickory 2 - Greenville 1
BOTTOM OF THE 5TH
Greenville Drive batting - Pitching for Hickory Crawdads : RHP Pat McGeever
Batting: RHB Chris Barley 0-0: Ball
1-0: Called Strike
1-1: Ball
2-1: Foul Ball, location: 2F
2-2: Ball
3-2: Base on Balls
Batting: LHB Justin Bartholomew 0-0: Foul Ball, location: 3F
0-1: Ball
1-1: Ball
2-1: Sac Bunt to 13S - play at second, runner OUT! 1-6
Batting: LHB Chris Ward 0-0: Ball
1-0: Ball
2-0: Called Strike
2-1: SINGLE (Groundball, 56D, EV 102.5 MPH)
Justin Bartholomew to second
Batting: RHB Justin Iraci 0-0: Ball
1-0: SINGLE (Groundball, 56, EV 103.1 MPH)
Justin Bartholomew to third
Chris Ward to second
Runner from 3rd tries for Home, SAFE, throw by LF to home
Batting: RHB Antonio Torres 0-0: Foul Ball, location: 7LDF
0-1: Ball
1-1: Ball
2-1: Called Strike
2-2: Grounds into double play, 4-6-3 (Groundball, 34, EV 100.0 MPH)
Bottom of the 5th over - 1 run, 2 hits, 0 errors, 1 left on base; Hickory 2 - Greenville 2
TOP OF THE 6TH
Hickory Crawdads batting - Pitching for Greenville Drive : RHP Danny Kendall
Batting: SHB Rodrigo Ruiz 0-0: Hit by Pitch
Batting: RHB Justin Beck 0-0: SINGLE (Line Drive, 9S, EV 91.3 MPH)
Rodrigo Ruiz to second
Batting: LHB Brian Edwards 0-0: Called Strike
0-1: Swinging Strike
0-2: Fly out, F8 (Flyball, 8LS, EV 90.6 MPH)
Batting: RHB Greg Milne 0-0: Ball
1-0: Called Strike
1-1: Ball
2-1: Foul Ball, location: 3FF
2-2: Grounds into double play, 4-6-3 (Groundball, 4, EV 100.0 MPH)
Top of the 6th over - 0 runs, 1 hit, 0 errors, 1 left on base; Hickory 2 - Greenville 2
BOTTOM OF THE 6TH
Greenville Drive batting - Pitching for Hickory Crawdads : RHP Pat McGeever
Batting: RHB Frank Kravitz 0-0: Called Strike
0-1: Foul Ball, location: 9LSF
0-2: Strikes out looking
Batting: LHB James Borst 0-0: Ball
1-0: Foul Ball, location: 3F
1-1: Ball
2-1: Ball
3-1: Called Strike
3-2: Fly out, F8 (Line Drive, 8RM, EV 91.3 MPH)
Batting: RHB Rich Bledsoe 0-0: Ball
1-0: Called Strike
1-1: Ball
2-1: Called Strike
2-2: Foul Ball, location: 3SF
2-2: Foul Ball, location: 9LDF
2-2: Strikes out looking
Bottom of the 6th over - 0 runs, 0 hits, 0 errors, 0 left on base; Hickory 2 - Greenville 2
TOP OF THE 7TH
Hickory Crawdads batting - Pitching for Greenville Drive : RHP Danny Kendall
Batting: LHB Branden Clark 0-0: Called Strike
0-1: Ball
1-1: Ball
2-1: Ball
3-1: Base on Balls
Pitching: RHP John Collins
Batting: RHB John Parker 0-0: Ball
1-0: Ball
2-0: Foul Ball, location: 9LMF
2-1: Foul Ball, location: 9LSF
2-2: Ball
3-2: Foul Ball, location: 2F
3-2: Strikes out swinging
Batting: RHB Frank Goodwin 0-0: Fly out, F8 (Line Drive, 8RM, EV 92.5 MPH)
Batting: RHB Alex Colgan 0-0: Ball
1-0: Called Strike
1-1: Swinging Strike
1-2: SINGLE (Groundball, 13, EV 90.0 MPH) (infield hit)
Branden Clark to second
Batting: RHB Mike Herrmann 0-0: Ball
1-0: Ball
2-0: Ball
3-0: Called Strike
3-1: Foul Ball, location: 2F
3-2: Foul Ball, location: 9LSF
3-2: Foul Ball, location: 2F
3-2: Ground out 6-3 (Groundball, 6M, EV 91.9 MPH)
Top of the 7th over - 0 runs, 1 hit, 0 errors, 2 left on base; Hickory 2 - Greenville 2
BOTTOM OF THE 7TH
Greenville Drive batting - Pitching for Hickory Crawdads : RHP Pat McGeever
Batting: RHB Josh Storlie 0-0: Called Strike
0-1: Foul Ball, location: 9LMF
0-2: Ball
1-2: Ground out 4-3 (Groundball, 13, EV 85.6 MPH)
Batting: RHB Chris Barley 0-0: Ball
1-0: Ball
2-0: Ball
3-0: Called Strike
3-1: Fly out, F8 (Flyball, 89D, EV 110.6 MPH)
Batting: LHB Justin Bartholomew 0-0: Ball
1-0: Ball
2-0: Called Strike
2-1: Ball
3-1: Swinging Strike
3-2: Ground out 4-3 (Groundball, 4, EV 90.0 MPH)
Bottom of the 7th over - 0 runs, 0 hits, 0 errors, 0 left on base; Hickory 2 - Greenville 2
TOP OF THE 8TH
Hickory Crawdads batting - Pitching for Greenville Drive : RHP John Collins
Pitching: RHP Rafael Zapata
Batting: SHB Rodrigo Ruiz 0-0: Foul Ball, location: 9LMF
0-1: Ball
1-1: Swinging Strike
1-2: Fly out, F6 (Line Drive, 56, EV 63.8 MPH)
Batting: RHB Justin Beck 0-0: Ball
1-0: Swinging Strike
1-1: Ball
2-1: Called Strike
2-2: Strikes out swinging
Batting: LHB Brian Edwards 0-0: Ball
1-0: Called Strike
1-1: Foul Ball, location: 5DF
1-2: Foul Ball, location: 2F
1-2: Ball
2-2: Strikes out swinging
Top of the 8th over - 0 runs, 0 hits, 0 errors, 0 left on base; Hickory 2 - Greenville 2
BOTTOM OF THE 8TH
Greenville Drive batting - Pitching for Hickory Crawdads : RHP Pat McGeever
Batting: LHB Chris Ward 0-0: Swinging Strike
0-1: Swinging Strike
0-2: Foul Ball, location: 2F
0-2: Foul Ball, location: 2F
0-2: Ground out 4-3 (Groundball, 4, EV 93.8 MPH)
Pinch Hitting: LHB Jessie Bazemore 0-0: SINGLE (Line Drive, 9LM, EV 110.0 MPH)
Batting: RHB Antonio Torres 0-0: Ball
1-0: Ball
2-0: Ball
3-0: Base on Balls
Jessie Bazemore to second
Batting: RHB Frank Kravitz 0-0: Foul Ball, location: 2F
0-1: Foul Ball, location: 2F
0-2: Ball
1-2: Strikes out swinging
Batting: LHB James Borst 0-0: Called Strike
0-1: SINGLE (Line Drive, 7S, EV 104.4 MPH)
Jessie Bazemore to third
Antonio Torres to second
Runner from 3rd tries for Home, SAFE, throw by LF to home
Batting: RHB Rich Bledsoe 0-0: Ball
1-0: Called Strike
1-1: Foul Ball, location: 2F
1-2: Strikes out swinging
Bottom of the 8th over - 1 run, 2 hits, 0 errors, 2 left on base; Hickory 2 - Greenville 3
TOP OF THE 9TH
Hickory Crawdads batting - Pitching for Greenville Drive : RHP Rafael Zapata
Now at 2B: Chris Barley
Now at 3B: Mark Bourassa
Now at SS: Tim Dean
Now in LF: Armani Brawner
Now in CF: Je-won Nah
Batting: RHB Greg Milne 0-0: Called Strike
0-1: Ball
1-1: Ball
2-1: Foul Ball, location: 2F
2-2: Ball
3-2: Strikes out swinging
Batting: LHB Branden Clark 0-0: Fly out, F5 (Popup, 56S, EV 90.0 MPH)
Batting: RHB John Parker 0-0: Ball
1-0: Ball
2-0: Swinging Strike
2-1: Foul Ball, location: 9LDF
2-2: Foul Ball, location: 2F
2-2: Ball
3-2: Foul Ball, location: 2LF
3-2: Strikes out swinging
Top of the 9th over - 0 runs, 0 hits, 0 errors, 0 left on base; Hickory 2 - Greenville 3
Friday, May 3rd , 2024 - OOTP Baseball 24.11 Build 85